[Event "Titled Tuesday Blitz September 27 Early 2022"]
[White "Chocenka, Dmitrijus"]
[Black "Quispe Santacruz, Javier"]
[WhiteFideId "12802336"]
[BlackFideId "3800920"]
[WhiteElo "2194"]
[BlackElo "1930"]
[Result "1-0"]
[Round "07"]
[TimeControl "180+1"]
[Date "2022.09.27"]
[WhiteClock "0:01:07"]
[BlackClock "0:00:17"]

1. e4 e5 2. Nf3 Nc6 3. Bb5 a6 4. Ba4 Nf6 5. d3 b5 6. Bb3 Be7 7. a4 Bb7 8. O-O O-O 9. Nc3 d6 10. axb5 axb5 11. Rxa8 Qxa8 12. Nxb5 Qa5 13. Nc3 Nh5 14. Bd2 Nf4 15. Nd5 Qa8 16. Nxf4 exf4 17. Bxf4 Bf6 18. c3 Ne5 19. Nxe5 dxe5 20. Be3 Rd8 21. Qc2 Ba6 22. Rd1 Qb7 23. f3 Rb8 24. Ra1 Bxd3 25. Bxf7+ Kxf7 26. Qxd3 Qxb2 27. Rd1 h6 28. f4 exf4 29. Qd5+ Kg6 30. Qf5+ Kf7 31. Bxf4 Qxc3 32. e5 Qc5+ 33. Kh1 Kg8 34. Qe6+ Kh8 35. exf6 Qc2 36. fxg7+ Kh7 37. Qxh6+ Kg8 38. Rf1 1-0


[Site "https://www.chess.com"]

[Event "Titled Tuesday Blitz September 27 Early 2022"]
[White "Ciuffoletti, Paolo"]
[Black "Winkels, Marcel"]
[WhiteFideId "807630"]
[BlackFideId "1003887"]
[WhiteElo "2143"]
[BlackElo "1900"]
[Result "0-1"]
[Round "07"]
[TimeControl "180+1"]
[Date "2022.09.27"]
[WhiteClock "0:00:12"]
[BlackClock "0:00:19"]

1. e4 c5 2. d4 cxd4 3. c3 Nf6 4. e5 Nd5 5. Qxd4 e6 6. Bc4 Nc6 7. Qe4 f5 8. Qe2 Nb6 9. Bb3 Be7 10. Nf3 O-O 11. O-O Na5 12. Bc2 Qc7 13. b3 d6 14. exd6 Bxd6 15. c4 Nc6 16. Nc3 Nb4 17. Rd1 a6 18. Be3 Nxc2 19. Qxc2 Bf4 20. Bxf4 Qxf4 21. Rd4 Qc7 22. a4 e5 23. Rd2 Be6 24. a5 Nd7 25. Nd5 Bxd5 26. Rxd5 Rae8 27. Rad1 Nf6 28. Rd6 Qxa5 29. Qxf5 Qb4 30. h3 g6 31. Qg5 Ne4 32. Qh6 Nxd6 33. Ng5 Re7 34. Nxh7 Rxh7 35. Qxg6+ Rg7 36. Qe6+ Nf7 37. Rd3 Qe1+ 38. Kh2 Qxf2 39. Rf3 Qd4 40. Qe7 e4 41. Rf4 Qe5 42. Qh4 Ng5 43. Kh1 Rxf4 44. Qh6 Rf1# 0-1


[Site "https://www.chess.com"]

[Event "Titled Tuesday Blitz September 27 Early 2022"]
[White "D`Arruda, Ricardo D."]
[Black "Kalajzic, Ivan"]
[WhiteFideId "100692"]
[BlackFideId "14506378"]
[WhiteElo "2449"]
[BlackElo "2163"]
[Result "1-0"]
[Round "07"]
[TimeControl "180+1"]
[Date "2022.09.27"]
[WhiteClock "0:00:18"]
[BlackClock "0:00:12"]

1. d4 Nc6 2. d5 Ne5 3. e4 e6 4. Nc3 Bc5 5. Be2 exd5 6. Nxd5 d6 7. Nf3 Nxf3+ 8. Bxf3 c6 9. Ne3 Nf6 10. O-O O-O 11. Nc4 h6 12. Bf4 Ne8 13. Qd2 Be6 14. Qc3 Bxc4 15. Qxc4 Qf6 16. Bd2 a5 17. c3 Nc7 18. Rad1 Ne6 19. Kh1 a4 20. Bg4 Ng5 21. f4 Nh7 22. Bc1 Qh4 23. Bf3 Nf6 24. e5 b5 25. Qd3 dxe5 26. fxe5 Ng4 27. Bxg4 Qxg4 28. Bf4 Rad8 29. Qxd8 Rxd8 30. Rxd8+ Kh7 31. Bg3 Qc4 32. Rfd1 Qxa2 33. Rc8 Qb3 34. Rf1 Qxb2 35. Rxc6 a3 36. Rxc5 a2 37. h3 a1=Q 38. Rxa1 Qxa1+ 39. Kh2 g5 40. Bf2 h5 41. Bd4 Kg6 42. Rxb5 h4 43. Rb6+ Kf5 44. Rf6+ Ke4 45. Rxf7 Qe1 46. Rf3 Kd5 47. Re3 Qf2 48. e6 Qf4+ 49. Kg1 Qf8 50. e7 Qe8 51. Bf6 Kc6 52. Bxg5 Kd7 53. Rd3+ Ke6 54. Rd8 1-0


[Site "https://www.chess.com"]

[Event "Titled Tuesday Blitz September 27 Early 2022"]
[White "Dahale, Atul"]
[Black "Mangialardo, Tiago Carvalho"]
[WhiteFideId "5037794"]
[BlackFideId "2130718"]
[WhiteElo "2017"]
[BlackElo "2015"]
[Result "1-0"]
[Round "07"]
[TimeControl "180+1"]
[Date "2022.09.27"]
[WhiteClock "0:00:07"]
[BlackClock "0:00:45"]

1. d4 d5 2. c4 c6 3. Nc3 Nf6 4. Nf3 e6 5. Bg5 Be7 6. cxd5 cxd5 7. Rc1 Nbd7 8. e3 h6 9. Bh4 O-O 10. Bd3 Re8 11. O-O Qb6 12. Qe2 a6 13. Bg3 Nf8 14. Na4 Qa5 15. b3 Bd7 16. Bc7 Qb4 17. Ne5 Bxa4 18. bxa4 Qxa4 19. Bb6 Bd6 20. Bc2 Qxa2 21. Bh7+ N8xh7 22. Qxa2 Ne4 23. f3 Nef6 24. Bc7 Be7 25. Rb1 b5 26. Rfc1 b4 27. Nc6 Bf8 28. Nxb4 Bxb4 29. Rxb4 Nd7 30. Rb7 Ndf6 31. Be5 Rf8 32. Rcc7 a5 33. Qa3 a4 34. Bxf6 Nxf6 35. h4 Nh5 36. Ra7 Ng3 37. Rxa4 Ne2+ 38. Kf2 1-0


[Site "https://www.chess.com"]

[Event "Titled Tuesday Blitz September 27 Early 2022"]
[White "Danielyan, Vahe"]
[Black "Weetik, Vjacheslav"]
[WhiteFideId "13304828"]
[BlackFideId "4153472"]
[WhiteElo "2421"]
[BlackElo "2469"]
[Result "0-1"]
[Round "07"]
[TimeControl "180+1"]
[Date "2022.09.27"]
[WhiteClock "0:00:41"]
[BlackClock "0:00:09"]

1. e4 c6 2. d4 d5 3. exd5 cxd5 4. Bd3 Nc6 5. c3 g6 6. Nf3 Bf5 7. Bxf5 gxf5 8. O-O e6 9. Ne5 Nxe5 10. dxe5 Ne7 11. Nd2 Ng6 12. Nf3 Bg7 13. Qa4+ Qd7 14. Qxd7+ Kxd7 15. Re1 f6 16. exf6 Bxf6 17. Bg5 Bg7 18. Rad1 Rac8 19. h4 h5 20. Be3 Rhe8 21. Bxa7 Ra8 22. Bd4 e5 23. Be3 Kc6 24. a3 f4 25. Bc1 Ra4 26. b4 b5 27. g3 e4 28. Nd4+ Bxd4 29. cxd4 f3 30. Re3 Kd7 31. Rc3 Rc8 32. Rc5 Rxc5 33. dxc5 Ke6 34. Bb2 Ne5 35. Bxe5 Kxe5 36. Rc1 Rxa3 37. c6 Ra8 38. Kf1 Kd6 39. g4 hxg4 40. h5 d4 41. c7 Rc8 42. h6 e3 43. fxe3 dxe3 44. h7 g3 45. Rd1+ Ke6 46. Rd3 g2+ 47. Kg1 e2 48. Re3+ Kd6 49. Kf2 Kxc7 50. Rc3+ Kb7 51. Rxf3 e1=Q+ 0-1


[Site "https://www.chess.com"]

[Event "Titled Tuesday Blitz September 27 Early 2022"]
[White "Dardha, Daniel"]
[Black "Dowgird, Filip"]
[WhiteFideId "240990"]
[BlackFideId "1121235"]
[WhiteElo "2742"]
[BlackElo "2559"]
[Result "1-0"]
[Round "07"]
[TimeControl "180+1"]
[Date "2022.09.27"]
[WhiteClock "0:00:06"]
[BlackClock "0:00:05"]

1. e4 Nf6 2. e5 Nd5 3. d4 Nb6 4. Nf3 d5 5. a4 Bg4 6. h3 Bxf3 7. Qxf3 e6 8. c3 c5 9. Bb5+ N6d7 10. O-O a6 11. Bd3 Nc6 12. Be3 Rc8 13. Nd2 cxd4 14. cxd4 Nb4 15. Bb1 g6 16. Qd1 Be7 17. Nf3 Nb6 18. b3 Nd7 19. Qd2 Nb8 20. g3 N8c6 21. Kg2 h5 22. Ng5 Qb6 23. Nf3 Kd7 24. Rc1 Na5 25. Qd1 Rxc1 26. Bxc1 Rc8 27. Bd2 Nac6 28. Be3 Ke8 29. Bd3 Nxd3 30. Qxd3 Nb4 31. Qd1 Rc2 32. Bd2 Qc7 33. Ne1 Rc6 34. Rc1 Rxc1 35. Bxc1 Qc3 36. Nf3 Nc6 37. Bd2 Qd3 38. Qc1 Kd7 39. Qc3 Qe4 40. Qe3 g5 41. Qxe4 dxe4 42. Nxg5 Bxg5 43. Bxg5 Nxd4 44. b4 b5 45. axb5 axb5 46. Be3 Nc6 47. g4 hxg4 48. h4 Nxe5 49. h5 Ke7 50. Bd4 Nf3 51. h6 Ng5 52. Kg3 f5 53. Kf4 Nh7 54. Ke5 Kf7 55. Be3 Nf8 56. Kd6 Kg6 57. Ke7 Nh7 58. Kxe6 Nf8+ 59. Kd5 Nh7 60. Kc5 g3 61. fxg3 Kh5 62. Kxb5 Kg4 63. Bf4 e3 64. Bxe3 Kxg3 65. Kc4 f4 66. Bxf4+ Kxf4 67. b5 Kg5 68. b6 Kxh6 69. b7 Nf6 70. b8=Q 1-0


[Site "https://www.chess.com"]

[Event "Titled Tuesday Blitz September 27 Early 2022"]
[White "De Silva, L M S T"]
[Black "Martin Duque, Jesus"]
[WhiteFideId "9953698"]
[BlackFideId "2208954"]
[WhiteElo "2749"]
[BlackElo "2605"]
[Result "1-0"]
[Round "07"]
[TimeControl "180+1"]
[Date "2022.09.27"]
[WhiteClock "0:02:00"]
[BlackClock "0:00:47"]

1. e4 c5 2. Nf3 e6 3. g3 b6 4. Bg2 Bb7 5. d3 d6 6. O-O Nd7 7. Ne1 Qc7 8. f4 Ngf6 9. Nc3 Be7 10. h3 h5 11. Ne2 a6 12. Be3 b5 13. Qd2 Rc8 14. Bf3 d5 15. e5 d4 16. exf6 dxe3 17. fxg7 Rg8 18. Qxe3 h4 19. g4 Rxg7 20. Bxb7 Qxb7 21. Ng2 Qc6 22. Rae1 c4 23. d4 Nb6 24. f5 Nd5 25. Qh6 Bf8 26. Nef4 Nxf4 27. Qxf4 Qd6 28. fxe6 fxe6 29. Rxe6+ Qxe6 30. Qxf8+ Kd7 31. Qxg7+ Kc6 32. Rf6 1-0


[Site "https://www.chess.com"]

[Event "Titled Tuesday Blitz September 27 Early 2022"]
[White "De Souza, Cristiano Gomes"]
[Black "Estrada Nieto, Julian"]
[WhiteFideId "2151758"]
[BlackFideId "5101018"]
[WhiteElo "2068"]
[BlackElo "2252"]
[Result "1/2-1/2"]
[Round "07"]
[TimeControl "180+1"]
[Date "2022.09.27"]
[WhiteClock "0:00:57"]
[BlackClock "0:00:07"]

1. d4 d5 2. c3 Nf6 3. Nf3 Bf5 4. Bf4 e6 5. e3 Be7 6. Bd3 Bxd3 7. Qxd3 Nbd7 8. Nbd2 O-O 9. h3 c5 10. Ne5 Nxe5 11. Bxe5 c4 12. Qe2 b5 13. O-O a5 14. f3 b4 15. e4 a4 16. Rab1 a3 17. Qe3 Nd7 18. Bg3 axb2 19. Rxb2 Ra3 20. Nb1 Ra4 21. cxb4 Bxb4 22. Rxb4 Rxb4 23. Bd6 Qb6 24. Bxb4 Qxb4 25. Qc3 Rb8 26. Qxb4 Rxb4 27. Nc3 Nb6 28. exd5 Nxd5 29. Nxd5 exd5 30. Re1 Kf8 31. Kf2 Ra4 32. Re2 Ra3 33. Ke1 h5 34. Kd1 h4 35. Kc1 f6 36. Rd2 Ke7 37. Rb2 g5 38. Kc2 Ke6 39. Rb6+ Kf5 40. Kb2 Rd3 41. a4 Rxd4 42. a5 Rd2+ 43. Ka3 Rd1 44. Ka2 c3 45. Rc6 Rd2+ 46. Ka3 d4 47. a6 Rd1 48. Ka2 Rd2+ 49. Ka3 Rd1 50. Ka2 Rd2+ 51. Ka3 1/2-1/2


[Site "https://www.chess.com"]

[Event "Titled Tuesday Blitz September 27 Early 2022"]
[White "Derjabin, Ilja"]
[Black "Alexikov, Alexander"]
[WhiteFideId "14104768"]
[BlackFideId "14103958"]
[WhiteElo "2341"]
[BlackElo "2222"]
[Result "1-0"]
[Round "07"]
[TimeControl "180+1"]
[Date "2022.09.27"]
[WhiteClock "0:00:09"]
[BlackClock "0:00:01"]

1. d4 Nf6 2. c4 g6 3. Nc3 Bg7 4. e4 d6 5. Nge2 O-O 6. Ng3 e5 7. d5 h5 8. Be2 c6 9. O-O cxd5 10. cxd5 a6 11. Bg5 Nbd7 12. a4 Qb6 13. a5 Qb4 14. Ra4 Qxb2 15. Bd2 Nc5 16. Ra2 Qb3 17. Qa1 h4 18. Rb1 hxg3 19. Rxb3 Nxb3 20. Qd1 gxf2+ 21. Kxf2 Nxd2 22. Qxd2 Bg4 23. Rb2 Bxe2 24. Kxe2 Rab8 25. Rb6 Rfd8 26. Qb2 Bf8 27. Rxb7 Rbc8 28. Rb6 Rc4 29. Rxa6 Nxe4 30. Nxe4 Rxe4+ 31. Kf3 Rf4+ 32. Kg3 Be7 33. Rc6 Kg7 34. h3 Bh4+ 35. Kh2 Rf2 36. Qb6 Rd2 37. a6 Bg5 38. a7 Bf4+ 39. Kg1 Rh8 40. Qb8 Ra2 41. Rc3 e4 42. Kf1 e3 43. Qxh8+ Kxh8 44. Rc8+ Kg7 45. a8=Q e2+ 46. Kf2 Bg3+ 47. Kf3 Rxa8 48. Rc1 e1=Q 49. Rc7 1-0


[Site "https://www.chess.com"]

[Event "Titled Tuesday Blitz September 27 Early 2022"]
[White "Deuer, Marius"]
[Black "Stanisz, Patryk"]
[WhiteFideId "16236432"]
[BlackFideId "1123106"]
[WhiteElo "2059"]
[BlackElo "1833"]
[Result "1-0"]
[Round "07"]
[TimeControl "180+1"]
[Date "2022.09.27"]
[WhiteClock "0:01:50"]
[BlackClock "0:00:10"]

1. b3 e5 2. Bb2 Nc6 3. e3 d5 4. Bb5 Ne7 5. c4 a6 6. Bxc6+ Nxc6 7. Nf3 Bg4 8. cxd5 Qxd5 9. Nc3 Qd3 10. h3 Bh5 11. Nxe5 Qf5 12. g4 Qxe5 13. gxh5 O-O-O 14. Qe2 Nb4 15. d4 Qf5 16. O-O-O Be7 17. e4 Qa5 18. a3 Nc6 19. b4 Qb6 20. Nd5 Rxd5 21. exd5 Bg5+ 22. Kb1 Ne7 23. Qg4+ Kb8 24. Qxg5 f6 25. Qxg7 1-0


[Site "https://www.chess.com"]

[Event "Titled Tuesday Blitz September 27 Early 2022"]
[White "Domingo Nunez, Ruben"]
[Black "Vagman, Roy"]
[WhiteFideId "22245570"]
[BlackFideId "2828995"]
[WhiteElo "2406"]
[BlackElo "1945"]
[Result "1-0"]
[Round "07"]
[TimeControl "180+1"]
[Date "2022.09.27"]
[WhiteClock "0:00:12"]
[BlackClock "0:00:03"]

1. Nf3 Nf6 2. g3 d5 3. Bg2 g6 4. O-O Bg7 5. d3 Nc6 6. Nfd2 O-O 7. e4 e5 8. Nc3 d4 9. Ne2 Qe7 10. a4 a5 11. h3 Rd8 12. f4 exf4 13. gxf4 Nh5 14. Nf3 f5 15. e5 Be6 16. c4 dxc3 17. bxc3 Bc4 18. Nfd4 Ba6 19. Be3 Nxd4 20. Nxd4 c6 21. Ra2 Rd7 22. Rd2 Rad8 23. Kh2 Qh4 24. Qe1 Qxe1 25. Rxe1 c5 26. Ne6 Bxd3 27. Nxc5 Rc7 28. Ne6 Rcd7 29. Nxd8 Rxd8 30. Bf1 Rc8 31. Rxd3 Bh6 32. Rd4 Rxc3 33. Bc4+ Kf8 34. e6 Ke7 35. Rd7+ Ke8 36. Bb5 Rxe3 37. Rxe3 Bxf4+ 38. Kg2 Bxe3 39. Rxb7+ Kf8 40. e7+ Kg7 41. e8=Q+ Kh6 42. Qxe3+ g5 43. Rb6+ Kg7 44. Qe7+ 1-0


[Site "https://www.chess.com"]

[Event "Titled Tuesday Blitz September 27 Early 2022"]
[White "Dushyant Sharma"]
[Black "Saucey, Michel"]
[WhiteFideId "25065130"]
[BlackFideId "601845"]
[WhiteElo "2144"]
[BlackElo "2253"]
[Result "1-0"]
[Round "07"]
[TimeControl "180+1"]
[Date "2022.09.27"]
[WhiteClock "0:01:25"]
[BlackClock "0:00:31"]

1. e4 c5 2. Nf3 e6 3. d4 cxd4 4. Nxd4 Nc6 5. Nc3 Qc7 6. f4 a6 7. Be3 b5 8. Bd3 Bb7 9. Nb3 d6 10. O-O Nf6 11. Qf3 Be7 12. Kh1 O-O 13. a3 Rac8 14. Rae1 Na5 15. Nxa5 Qxa5 16. Qh3 Rxc3 17. bxc3 Bxe4 18. Bd4 Bxd3 19. Qxd3 Rc8 20. h3 d5 21. f5 Ne4 22. fxe6 fxe6 23. Rxe4 dxe4 24. Qxe4 Rf8 25. Qxe6+ Kh8 26. Bxg7+ 1-0


[Site "https://www.chess.com"]

[Event "Titled Tuesday Blitz September 27 Early 2022"]
[White "Erenberg, Ariel"]
[Black "Wirig, Anthony"]
[WhiteFideId "2811634"]
[BlackFideId "615013"]
[WhiteElo "2243"]
[BlackElo "2474"]
[Result "1/2-1/2"]
[Round "07"]
[TimeControl "180+1"]
[Date "2022.09.27"]
[WhiteClock "0:00:06"]
[BlackClock "0:00:11"]

1. Nf3 c5 2. e4 e6 3. d4 cxd4 4. Nxd4 Nf6 5. Nc3 Nc6 6. Nxc6 bxc6 7. e5 Nd5 8. Ne4 Qc7 9. f4 Qb6 10. c4 Bb4+ 11. Ke2 f5 12. exf6 Nxf6 13. Nd6+ Bxd6 14. Qxd6 c5 15. Qxb6 axb6 16. b3 d5 17. Bb2 d4 18. a4 Bb7 19. Rg1 e5 20. fxe5 Ng4 21. Kd2 O-O 22. Be2 Nxe5 23. Raf1 Rfe8 24. Rf4 Ng6 25. Rf2 Re3 26. Bd1 Ne5 27. Re2 Rxe2+ 28. Bxe2 Rf8 29. Rf1 Bxg2 30. Rxf8+ Kxf8 31. b4 Ke7 32. a5 bxa5 33. bxc5 Nc6 34. Kd3 g5 35. Bxd4 Nxd4 36. Kxd4 Bc6 37. Bd1 Ke6 38. Bg4+ Kf6 39. Bd1 Kf5 40. Bc2+ Kf4 41. Bxh7 Kg4 42. Bg8 a4 43. Bd5 Bd7 44. c6 Bc8 45. Kc3 Kh3 46. c7 Kxh2 47. Kb4 g4 48. Kxa4 g3 49. Ka5 g2 50. Bxg2 Kxg2 51. Kb6 Kf3 52. Ka7 Ke4 53. Kb8 Bf5 54. c8=Q Bxc8 55. Kxc8 Kd4 56. Kc7 Kxc4 1/2-1/2


[Site "https://www.chess.com"]

[Event "Titled Tuesday Blitz September 27 Early 2022"]
[White "Ernst, Sipke"]
[Black "Kosakowski, Jakub"]
[WhiteFideId "1004689"]
[BlackFideId "1185080"]
[WhiteElo "2680"]
[BlackElo "2844"]
[Result "1/2-1/2"]
[Round "07"]
[TimeControl "180+1"]
[Date "2022.09.27"]
[WhiteClock "0:00:38"]
[BlackClock "0:00:13"]

1. d4 d5 2. c4 e5 3. e3 exd4 4. exd4 Nf6 5. Nc3 Bb4 6. Nf3 O-O 7. Bd3 Re8+ 8. Be3 Bg4 9. O-O Nc6 10. a3 dxc4 11. Bxc4 Bd6 12. h3 Bh5 13. b4 Qd7 14. Be2 Rad8 15. d5 Ne5 16. Ra2 Nxf3+ 17. Bxf3 Bxf3 18. Qxf3 Be5 19. Bg5 Bxc3 20. Qxc3 Ne4 21. Qc1 Nxg5 22. Qxg5 Qxd5 23. Qxd5 Rxd5 24. Rc1 c6 25. a4 h5 26. b5 cxb5 27. axb5 Rxb5 28. Rxa7 Rb2 29. Ra4 b5 30. Rf4 Re7 31. Rc5 g6 32. g4 hxg4 33. hxg4 Rb7 34. g5 Rd2 35. Rc8+ Kg7 36. Rh4 Rd5 37. f4 Re7 38. Rch8 Rd1+ 39. Kf2 Rd2+ 40. Kf3 Rd3+ 41. Kf2 Rd2+ 42. Kf3 Rd3+ 43. Kf2 Rd2+ 1/2-1/2


[Site "https://www.chess.com"]

[Event "Titled Tuesday Blitz September 27 Early 2022"]
[White "Fawzy, Adham"]
[Black "Antonio, Jorge Carlos"]
[WhiteFideId "10613129"]
[BlackFideId "113190"]
[WhiteElo "2541"]
[BlackElo "2247"]
[Result "1/2-1/2"]
[Round "07"]
[TimeControl "180+1"]
[Date "2022.09.27"]
[WhiteClock "0:00:13"]
[BlackClock "0:00:23"]

1. e4 c5 2. Nf3 e6 3. g3 Nc6 4. Bg2 g6 5. O-O Bg7 6. c3 d6 7. d4 cxd4 8. cxd4 Nge7 9. Nc3 O-O 10. Bf4 d5 11. e5 h5 12. Qd2 b6 13. h3 Ba6 14. Rfe1 Rc8 15. Rac1 Nb4 16. Re3 Nf5 17. a3 Nxe3 18. Bxe3 Nc6 19. b4 Bc4 20. g4 hxg4 21. hxg4 Ne7 22. Bh6 a5 23. b5 Qd7 24. Qg5 Bb3 25. Bxg7 Kxg7 26. Qf6+ Kg8 27. Qh4 Kg7 28. Qf6+ Kg8 29. Ng5 Rce8 30. Qf3 Kg7 31. Qf6+ Kg8 32. Qf3 Kg7 33. Qf6+ Kg8 1/2-1/2


[Site "https://www.chess.com"]

[Event "Titled Tuesday Blitz September 27 Early 2022"]
[White "Fernandez De La Vara, Arnaldo"]
[Black "Ferreira, Vitor Hugo Vieira"]
[WhiteFideId "3518388"]
[BlackFideId "2119765"]
[WhiteElo "2387"]
[BlackElo "2168"]
[Result "0-1"]
[Round "07"]
[TimeControl "180+1"]
[Date "2022.09.27"]
[WhiteClock "0:00:08"]
[BlackClock "0:00:13"]

1. Nf3 c5 2. g3 Nf6 3. Bg2 g6 4. b3 Bg7 5. Bb2 O-O 6. O-O Nc6 7. d4 Ne4 8. e3 d5 9. h3 Bf5 10. Nbd2 Qd7 11. Kh2 cxd4 12. Nxe4 Bxe4 13. Nxd4 Bxg2 14. Kxg2 e5 15. Nxc6 bxc6 16. c4 Rad8 17. cxd5 cxd5 18. Rc1 d4 19. exd4 exd4 20. Qf3 Rfe8 21. Rfd1 h5 22. h4 Re6 23. Rc4 Ra6 24. a3 Rd6 25. Rd3 Rf6 26. Qe4 Re6 27. Qf3 Rf6 28. Qe4 Re6 29. Qf4 Be5 30. Qf3 Rd6 31. Rc5 Bg7 32. a4 Rf6 33. Qe4 Rd6 34. Rc4 Re8 35. Qf3 Rf6 36. Qd1 Qf5 37. f3 Rfe6 38. Rd2 d3 39. Bxg7 Re2+ 40. Rxe2 Rxe2+ 41. Qxe2 dxe2 42. Bc3 f6 43. Kf2 Qc2 44. Rc8+ Kf7 45. Rc7+ Ke6 46. Rc6+ Kd7 47. Rc5 Qxb3 48. a5 Qa2 49. Ke1 Ke6 50. Kf2 g5 51. Ke1 g4 52. fxg4 hxg4 53. Rc6+ Kd5 54. Rc7 Ke4 55. Re7+ Kf3 56. Bd4 Qb1+ 57. Kd2 Qd1+ 58. Kc3 e1=Q+ 59. Rxe1 Qxe1+ 60. Kc4 Qxg3 61. Bxa7 Qxh4 62. Bb6 Qh7 63. a6 Qf7+ 64. Kb5 Qd5+ 65. Bc5 Ke4 66. a7 f5 67. Kb6 f4 68. Bf2 g3 69. Bxg3 fxg3 70. Kc7 g2 71. Kb8 g1=Q 72. a8=Q Qb6+ 73. Qb7 Qbxb7# 0-1


[Site "https://www.chess.com"]

[Event "Titled Tuesday Blitz September 27 Early 2022"]
[White "Fernandez Hernandez, Gerardo"]
[Black "Acosta Villarroel, Lorner Jesus"]
[WhiteFideId "2207400"]
[BlackFideId "3906337"]
[WhiteElo "2168"]
[BlackElo "2325"]
[Result "0-1"]
[Round "07"]
[TimeControl "180+1"]
[Date "2022.09.27"]
[WhiteClock "0:00:02"]
[BlackClock "0:00:55"]

1. e4 e6 2. d3 d5 3. Nd2 Nf6 4. Ngf3 c5 5. g3 Nc6 6. Bg2 Be7 7. O-O O-O 8. e5 Nd7 9. Re1 b5 10. h4 a5 11. Nf1 b4 12. N1h2 Ba6 13. Bf4 a4 14. Ng5 Qe8 15. Qh5 Bxg5 16. hxg5 f5 17. Qe2 Nd4 18. Qd2 b3 19. axb3 axb3 20. c3 Nc2 21. Nf3 Nxa1 22. Rxa1 Bb5 23. Re1 Ra2 24. Bf1 Qa8 25. Kg2 d4 26. cxd4 cxd4 27. Be2 Bc6 28. Rc1 Bd5 29. Rc7 Nb6 30. Qc1 Rc8 31. Bd2 Rxc7 32. Qxc7 Na4 33. Bb4 Rxb2 34. Bd1 Rb1 35. Be2 b2 36. Kh2 Rc1 0-1


[Site "https://www.chess.com"]

[Event "Titled Tuesday Blitz September 27 Early 2022"]
[White "Fiorito, Francisco"]
[Black "Rios Escobar, Adan"]
[WhiteFideId "180165"]
[BlackFideId "3403645"]
[WhiteElo "1787"]
[BlackElo "2330"]
[Result "1-0"]
[Round "07"]
[TimeControl "180+1"]
[Date "2022.09.27"]
[WhiteClock "0:00:20"]
[BlackClock "0:00:01"]

1. e4 c5 2. Nf3 d6 3. d4 cxd4 4. Nxd4 Nf6 5. Nc3 a6 6. Be2 e5 7. Nb3 Be6 8. Be3 Nbd7 9. Qd3 Rc8 10. O-O Be7 11. Rfd1 b5 12. a4 b4 13. Nd5 Bxd5 14. exd5 O-O 15. Rac1 a5 16. c3 Nb6 17. c4 Nxa4 18. Qb1 Nc5 19. Nxc5 dxc5 20. b3 Bd6 21. Rd2 e4 22. Ra2 Ra8 23. Ra4 Qe7 24. Rc2 Bc7 25. Rd2 Rfd8 26. g3 Ra6 27. Qd1 Bd6 28. Qa1 Rda8 29. Rda2 Qc7 30. Qb1 h5 31. Bf1 h4 32. Bg2 hxg3 33. hxg3 Re8 34. Re2 Qe7 35. Bg5 Qd7 36. Bxf6 gxf6 37. Rxe4 Kf8 38. Ra2 Be5 39. Qd1 f5 40. Rh4 Bd4 41. Kh2 Qc7 42. Qf3 Qe5 43. Rh5 Rf6 44. Rxa5 Qe1 45. Ra2 f4 46. g4 Qe5 47. Rxe5 Rxe5 48. Ra8+ Kg7 49. Bh3 Rh6 50. Kg2 Rg6 51. Ra7 Re1 52. d6 1-0


[Site "https://www.chess.com"]

[Event "Titled Tuesday Blitz September 27 Early 2022"]
[White "Flis, Pawel"]
[Black "Begunov, Konstantin"]
[WhiteFideId "1112864"]
[BlackFideId "4118510"]
[WhiteElo "1735"]
[BlackElo "2165"]
[Result "0-1"]
[Round "07"]
[TimeControl "180+1"]
[Date "2022.09.27"]
[WhiteClock "0:00:31"]
[BlackClock "0:00:12"]

1. Nf3 d5 2. g3 c6 3. Bg2 Bg4 4. O-O Nd7 5. h3 Bh5 6. d3 e5 7. c4 Ngf6 8. Qb3 Qb6 9. Bg5 Qxb3 10. axb3 e4 11. Nd4 Bc5 12. Nf5 Bxe2 13. Re1 Bxd3 14. Nxg7+ Kf8 15. Bh6 Ke7 16. cxd5 cxd5 17. Nc3 Rhc8 18. Nf5+ Ke6 19. Ng7+ Ke7 20. Bg5 Kd6 21. Bf4+ Kc6 22. Na4 a5 23. Rac1 b6 24. Be3 Kb5 25. Nc3+ Ka6 26. Bxc5 bxc5 27. Bf1 Bxf1 28. Kxf1 Rc6 29. Nf5 Nb6 30. Na4 Rac8 31. Ne7 R8c7 32. Nxc6 Rxc6 33. Nxc5+ Kb5 34. Na4 Rxc1 35. Rxc1 Nxa4 36. bxa4+ Kxa4 37. Rc6 Nd7 38. Rd6 Nc5 39. Rxd5 Nd3 40. Rd4+ Kb3 41. Rxe4 Nxb2 42. Re7 a4 43. Rxf7 a3 44. Rb7+ Kc3 45. Ra7 Kb3 46. f4 a2 47. g4 Na4 48. Rb7+ Ka3 49. Re7 a1=Q+ 50. Re1 Qd4 51. Kg2 Nc3 52. f5 Qd2+ 53. Kf1 Qf4+ 54. Kg1 Ne4 55. Ra1+ Kb2 56. Rf1 Qg3+ 57. Kh1 Qxh3+ 58. Kg1 Qg3+ 59. Kh1 Nf2+ 60. Rxf2+ Qxf2 61. g5 Qxf5 62. g6 Qxg6 63. Kh2 Kc2 64. Kh3 Kd2 65. Kh4 Ke2 66. Kh3 Kf3 67. Kh4 Qg4# 0-1


[Site "https://www.chess.com"]

[Event "Titled Tuesday Blitz September 27 Early 2022"]
[White "Forgacs, Attila Jr."]
[Black "Ardila, Oscar Humberto"]
[WhiteFideId "773654"]
[BlackFideId "4404742"]
[WhiteElo "2062"]
[BlackElo "1898"]
[Result "1-0"]
[Round "07"]
[TimeControl "180+1"]
[Date "2022.09.27"]
[WhiteClock "0:00:13"]
[BlackClock "0:00:01"]

1. e4 e5 2. Nf3 Nf6 3. Nxe5 d6 4. Nf3 Nxe4 5. Bd3 Nf6 6. c3 Be7 7. Bc2 O-O 8. O-O Nbd7 9. d4 Re8 10. Nbd2 Nf8 11. Re1 Bg4 12. h3 Bh5 13. Nf1 Bg6 14. Bxg6 Nxg6 15. Ng3 Qd7 16. Bd2 h6 17. Qc2 Bf8 18. Nf5 Rxe1+ 19. Rxe1 Re8 20. Rxe8 Qxe8 21. Kf1 Qe6 22. b3 d5 23. Ne3 Ne4 24. Be1 Bd6 25. Nd2 Nf4 26. Nxe4 dxe4 27. Bd2 f5 28. Nc4 Nd3 29. Nxd6 cxd6 30. c4 d5 31. cxd5 Qxd5 32. Qc4 Qf7 33. d5 Kh7 34. d6 Qxc4 35. bxc4 Ne5 36. Bc3 Nd7 37. Ke2 g5 38. Ke3 Kg6 39. Kd4 Kf7 40. Kd5 a6 41. c5 f4 42. Bd4 f3 43. gxf3 exf3 44. Be3 Nf6+ 45. Ke5 g4 46. hxg4 Nxg4+ 47. Kf4 Nf6 48. Kxf3 h5 49. Bd4 Nd7 50. Kg3 Ke6 51. Kh4 Kd5 52. Be3 Nf6 53. Kg5 Ke6 54. Bd4 Nd5 55. Kxh5 Nb4 56. a4 Nc2 57. Be3 Nb4 58. Kg6 1-0


[Site "https://www.chess.com"]

[Event "Titled Tuesday Blitz September 27 Early 2022"]
[White "Fromm, Marius"]
[Black "Itkis, Boris"]
[WhiteFideId "12993190"]
[BlackFideId "1209167"]
[WhiteElo "2312"]
[BlackElo "2207"]
[Result "1-0"]
[Round "07"]
[TimeControl "180+1"]
[Date "2022.09.27"]
[WhiteClock "0:01:17"]
[BlackClock "0:00:42"]

1. e4 c6 2. d4 d5 3. exd5 cxd5 4. Bd3 Nc6 5. c3 Nf6 6. h3 g6 7. Nf3 Bf5 8. Be2 Bg7 9. O-O O-O 10. Bf4 Qb6 11. Qb3 Qxb3 12. axb3 a6 13. Nbd2 Ne4 14. Rfe1 Rfe8 15. b4 Nxd2 16. Nxd2 e5 17. dxe5 Nxe5 18. Nb3 Re7 19. Bg5 f6 20. Be3 Rae8 21. Bc5 Rd7 22. Nd4 Be6 23. f4 Nf7 24. b5 Bf8 25. Bxf8 Kxf8 26. bxa6 bxa6 27. Bxa6 Rd6 28. Bb5 Re7 29. Ra8+ Kg7 30. Ra6 Rxa6 31. Bxa6 Nd8 32. Bc8 Kf7 33. Bxe6+ Nxe6 34. Nxe6 Rxe6 35. Rxe6 Kxe6 36. Kf2 Kd6 37. Ke3 Kc5 38. Kd3 h6 39. b4+ Kb5 40. Kd4 1-0


[Site "https://www.chess.com"]

[Event "Titled Tuesday Blitz September 27 Early 2022"]
[White "Gilmanov, Mansur"]
[Black "Jean Louis, Marckens"]
[WhiteFideId "4166868"]
[BlackFideId "11900270"]
[WhiteElo "2377"]
[BlackElo "2031"]
[Result "0-1"]
[Round "07"]
[TimeControl "180+1"]
[Date "2022.09.27"]
[WhiteClock "0:00:01"]
[BlackClock "0:01:10"]

1. d4 d5 2. e3 e6 3. Bd3 Nf6 4. f4 c5 5. c3 Nc6 6. Nf3 Ne4 7. O-O Bd6 8. Ne5 O-O 9. Nxc6 bxc6 10. Bxe4 dxe4 11. Nd2 f5 12. Qa4 cxd4 13. cxd4 c5 14. Nb3 Qe7 15. dxc5 Bxc5 16. Qc6 Bb6 17. Qxa8 Bb7 18. Qxf8+ Qxf8 19. Bd2 Qd8 20. Rfd1 Qd3 21. Kf2 h5 22. Rac1 Ba6 23. Re1 Bc4 24. Rc3 Qd5 25. Nd4 e5 26. fxe5 f4 27. Rec1 Bxa2 28. Rc8+ Kh7 29. Bc3 Qxe5 30. Nc2 fxe3+ 31. Ke2 Qf5 32. Rf1 Qxc8 0-1


[Site "https://www.chess.com"]